 Dungeon Crawl Stone Soup version 0.28.0 (webtiles) character file.

Game seed: 16087839058789360053

3872 ProzacElf the Slasher (level 10, -1/63 HPs)
             Began as a Djinni Fighter on Feb 17, 2022.
             Was a Priest of Okawaru.
             Slain by an orc warrior (7 damage)
             ... in a bailey.
             The game lasted 00:18:14 (7395 turns).

ProzacElf the Slasher (Djinni Fighter)              Turns: 7395, Time: 00:18:15

Health: -1/63      AC: 14    Str: 19    XL:     10   Next: 42%
Gold:   295        EV:  8    Int:  9    God:    Okawaru [***...] SH: 10 Dex: 14

rFire   + + .      SeeInvis .   a - +0 long sword
rCold   x . .      Faith    .   D - +0 kite shield
rNeg    . . .      Spirit   .   h - +0 plate armour
rPois   ∞          Reflect  .   (helmet restricted)
rElec   .          Harm     .   (no cloak)
rCorr   .          Rampage  .   (no gloves)
Will    +....                   (boots unavailable)
Stlth   ..........              k - amulet of regeneration
HPRegen 1.00/turn               (no ring)
MPRegen 0.00/turn               (no ring)

@: heroic, flying
A: sickness immunity, fire resistance 2, cold vulnerability 1, float, innate
caster, HP casting, extra vitality 1, antennae 1, frail 1
a: Renounce Religion, Heroism


You were in a bailey.
You worshipped Okawaru.
Okawaru was most pleased with you.
You visited 2 branches of the dungeon, and saw 9 of its levels.
You also visited: Bailey.

You collected 433 gold pieces.
You spent 138 gold pieces at shops.

Inventory:

Hand Weapons
 a - a +0 long sword (weapon)
 e - a +0 vampiric scythe
 x - a +0 rapier of venom
 A - a +0 shortbow
Missiles
 i - 100 bolts
 j - 61 sling bullets
 p - 99 arrows
 q - 2 boomerangs of dispersal (quivered)
 r - 2 boomerangs
 s - 96 stones
 u - 15 poisoned darts
 w - 8 silver javelins
Armour
 b - a +0 scale mail
 c - a +0 buckler
 h - a +0 plate armour (worn)
 D - a +0 kite shield (worn)
Jewellery
 d - an amulet of reflection
 k - an amulet of regeneration (around neck)
 t - an amulet of the acrobat
Wands
 z - a wand of paralysis (4)
 E - a wand of digging (3)
 H - a wand of iceblast (1)
Scrolls
 f - 2 scrolls of enchant armour {unknown}
 l - a scroll of vulnerability
 m - 2 scrolls of fear {unknown}
 o - a scroll of enchant weapon
 y - a scroll of teleportation
 B - 2 scrolls of amnesia {unknown}
 C - a scroll of magic mapping {unknown}
 F - a scroll of torment {unknown}
 G - 2 scrolls of holy word {unknown}
 J - a scroll of silence {unknown}
Potions
 g - a potion of lignification
 n - 2 potions of brilliance
 v - a potion of mutation
 I - 2 potions of heal wounds {unknown}


   Skills:
 - Level 5.0(10.0) Fighting
 + Level 7.9(12.9) Long Blades
 - Level 3.0(8.0) Throwing
 - Level 5.0(10.0) Armour
 - Level 5.0(10.0) Dodging
 - Level 3.0(8.0) Stealth
 - Level 3.0(8.0) Shields
 - Level 5.0 Invocations
 - Level 5.0 Evocations


You couldn't memorise any spells.
You knew the following spells:

 Your Spells              Type           Power      Damage    Failure   Level
a - Sting                 Tmut/Pois      0%         1d3       100%        1
b - Ensorcelled Hibernat  Hex/Ice        0%         N/A       100%        2
c - Call Canine Familiar  Summ           0%         N/A       100%        3
d - Summon Ice Beast      Ice/Summ       0%         N/A       100%        4
Your spell library was empty.


Dungeon Overview and Level Annotations

Branches:
Dungeon (8/15)             Temple (1/1) D:6          Bailey (1/1)
   Lair: D:8-11

Altars:
Cheibriados
Dithmenos
Elyvilon
Fedhas
Gozag
Hepliaklqana
Kikubaaqudgha
Makhleb
Nemelex Xobeh
Okawaru
Sif Muna
Uskayaw
Vehumet
Wu Jian
Xom
Yredelemnul
Zin
The Shining One

Shops:
D:3 *   D:4 *

Annotations:
D:5 2 transporters


Innate Abilities, Weirdness & Mutations

You are immune to sickness and miasma.
You are immune to poison.
Your flesh is very heat resistant. (rF++)
You are vulnerable to cold. (rC-)
You float through the air rather than walking.
You learn spells naturally, not from books.
Your magical power is your life essence.
You have superior vitality. (+4 MHP)
You have a pair of small antennae on your head.
You are frail. (-10% HP)


Message History

Ye feel like a meek peon again.
Ye block tha orc warrior's attack.
Ye closely miss tha orc warrior.
Tha orc warrior be severely wounded.
Tha orc warrior hits ye but does nay damage.
Ye hit tha orc warrior but do nay damage.
Tha orc warrior be severely wounded.
Tha orc warrior hits ye wit' a +0 war axe!
* * * LOW HITPOINT WARNIN'
* * * Ye take 7 damage, an' haf 18/63 hp.
Ye barely miss tha orc warrior.
Tha orc warrior be severely wounded.
Tha orc warrior hits ye wit' a +0 war axe.
* * * LOW HITPOINT WARNIN'
* * * Ye take 4 damage, an' haf 14/63 hp.
Ye closely miss tha orc warrior.
Tha orc warrior be severely wounded.
Ye block tha orc warrior's attack.
Ye gain tha combat prowess o' a mighty hero.
Tha orc warrior hits ye wit' a +0 war axe!
* * * LOW HITPOINT WARNIN'
* * * Ye take 12 damage, an' haf 3/63 hp.
Ye hit tha orc warrior but do nay damage.
Tha orc warrior be severely wounded.
Tha orc warrior hits ye but does nay damage.
Ye hit tha orc warrior.
Tha orc warrior be almost dead.
Ye block tha orc warrior's attack.
Okay, than.
Okay, than.
Okay, than.
Ye closely miss tha orc warrior.
Tha orc warrior be almost dead.
Tha orc warrior hits ye wit' a +0 war axe.
* * * LOW HITPOINT WARNIN'
* * * Ye take 4 damage, an' haf 5/63 hp.
Ye hit tha orc warrior but do nay damage.
Tha orc warrior be almost dead.
Tha orc warrior hits ye wit' a +0 war axe!
Ye die...

## ♣♣♣ #+#.### ♣.♣♣♣♣♣
###.....###♣♣♣.....♣
##.........##.......♣♣
#...........#........♣
#...........')......♣♣
#.....⌠...).').∩.∩...♣
#...........'.......♣♣
#.......o@..#........♣
##.........##......♣♣♣
###.)...###♣.♣....♣
o#)#.### ♣♣♣..♣♣♣
......).### ♣♣♣♣
......... .........#
...⌠.....# .........#


You could see an orc warrior.

Vanquished Creatures
  A troll (D:6)
  Sigmund (D:6)
  4 yaks
  Eustachio (D:5)
  Duvessa (D:6)
  4 orc warriors
  2 sky beasts (D:6)
  An ice beast (D:6)
  2 ogres
  2 centaurs (D:6)
  3 phantoms
  A gnoll sergeant (D:4)
  A bullfrog (D:6)
  2 scorpions
  Dowan (D:6)
  A water moccasin skeleton (D:4)
  6 killer bees (D:7)
  2 howler monkeys
  A centaur zombie (D:7)
  A bullfrog zombie (D:5)
  A hound (D:5)
  4 jellies
  4 orc priests
  4 orc wizards
  A hound skeleton (D:5)
  A howler monkey skeleton (D:7)
  9 gnolls
  6 adders
  A shadow imp (D:6)
  2 white imps
  3 ufetubi
  6 worms
  6 dart slugs
  19 orcs
  5 bats
  10 endoplasms
  2 giant cockroaches
  15 goblins
  11 hobgoblins
  2 iguanas
  7 jackals (D:3)
  2 quokkas
  5 ball pythons
  5 frilled lizards
  6 kobolds
  6 rats
181 creatures vanquished.

Notes
Turn   | Place    | Note
-------+----------+-------------------------------------------
     0 | D:1      | ProzacElf the Djinni Fighter began the quest for the Orb.
     0 | D:1      | Reached XP level 1. HP: 20/20 MP: 0/0
    55 | D:1      | Reached skill level 2 in Long Blades
   108 | D:1      | Reached XP level 2. HP: 23/25 MP: 0/0
   351 | D:1      | Reached XP level 3. HP: 30/30 MP: 0/0
   351 | D:1      | Learned a level 1 spell: Sting
  1024 | D:2      | Found a faded altar of an unknown god.
  1028 | D:2      | Prayed at the altar of an unknown god.
  1028 | D:2      | Became a worshipper of Warmaster Okawaru
  1028 | D:2      | Reached * piety under Okawaru
  1259 | D:2      | Reached XP level 4. HP: 6/35 MP: 0/0
  1844 | D:2      | Reached skill level 3 in Long Blades
  2317 | D:3      | Reached XP level 5. HP: 38/40 MP: 0/0
  2317 | D:3      | Learned a level 2 spell: Ensorcelled Hibernation
  2444 | D:3      | Found a shadowy altar of Dithmenos.
  2653 | D:3      | Found Foecoo's Assorted Antiques.
  2668 | D:3      | Bought a scroll labelled WAMURA KOEBOMIY for 25 gold pieces
  2668 | D:3      | Bought an inky potion for 22 gold pieces
  2668 | D:3      | Bought a viscous coppery potion for 22 gold pieces
  2927 | D:4      | Found Imonait's Assorted Antiques.
  2931 | D:4      | Reached XP level 6. HP: 46/46 MP: 0/0
  2949 | D:4      | Bought a scroll labelled NEFETA DEMAPS for 24 gold pieces
  2949 | D:4      | Bought an emerald potion for 21 gold pieces
  2949 | D:4      | Bought a scroll labelled NEFETA DEMAPS for 24 gold pieces
  3014 | D:4      | Reached skill level 4 in Long Blades
  3014 | D:4      | Reached skill level 5 in Armour
  3060 | D:4      | Found a shimmering altar of Xom.
  3398 | D:4      | Noticed an ogre
  3408 | D:4      | Killed an ogre
  3569 | D:4      | Reached skill level 5 in Long Blades
  3569 | D:4      | Reached XP level 7. HP: 38/50 MP: 0/0
  3569 | D:4      | Learned a level 3 spell: Call Canine Familiar
  3578 | D:4      | Reached skill level 1 in Invocations
  3578 | D:4      | Reached skill level 1 in Evocations
  3633 | D:5      | Entered Level 5 of the Dungeon
  3640 | D:5      | Found a transporter.
  3652 | D:5      | Gained mutation: You are frail. (-10% HP) [potion of
                  | mutation]
  3652 | D:5      | Gained mutation: You have a pair of small antennae on your
                  | head. [potion of mutation]
  3736 | D:5      | Reached ** piety under Okawaru
  3754 | D:5      | Noticed Eustachio
  4207 | D:5      | Killed Eustachio
  4208 | D:5      | Reached XP level 8. HP: 50/50 MP: 0/0
  4265 | D:5      | Found a sparkling altar of Nemelex Xobeh.
  4524 | D:5      | Found a transporter.
  5061 | D:6      | Reached skill level 5 in Invocations
  5061 | D:6      | Reached skill level 5 in Evocations
  5066 | D:6      | Found a basalt altar of Yredelemnul.
  5080 | D:6      | Reached skill level 1 in Dodging
  5354 | D:6      | Noticed Duvessa
  5354 | D:6      | Noticed Dowan
  5395 | D:6      | Killed Duvessa
  5396 | D:6      | Reached XP level 9. HP: 45/55 MP: 0/0
  5396 | D:6      | Learned a level 4 spell: Summon Ice Beast
  5398 | D:6      | Killed Dowan
  5398 | D:6      | Reached *** piety under Okawaru
  5459 | D:6      | Found a staircase to the Ecumenical Temple.
  5477 | D:6      | Noticed Sigmund
  5488 | D:6      | Killed Sigmund
  5489 | D:6      | Reached skill level 5 in Fighting
  5502 | Temple   | Entered the Ecumenical Temple
  5704 | D:6      | Reached skill level 5 in Dodging
  5745 | D:6      | Noticed a troll
  5757 | D:6      | Killed a troll
  5758 | D:6      | Reached skill level 1 in Throwing
  5758 | D:6      | Reached skill level 1 in Stealth
  5855 | D:6      | Found a blossoming altar of Fedhas.
  6055 | D:5      | HP: 1/58 [yak (10)]
  6119 | D:5      | Reached XP level 10. HP: 62/63 MP: 0/0
  6477 | D:6      | Reached skill level 6 in Long Blades
  6531 | D:7      | Found a burning altar of Makhleb.
  6670 | D:7      | Found a white marble altar of Elyvilon.
  6777 | D:7      | Reached **** piety under Okawaru
  6828 | D:7      | Reached skill level 7 in Long Blades
  7258 | D:8      | Found a flagged portal.
  7267 | Bailey   | Entered a bailey
  7293 | Bailey   | Received a gift from Okawaru
  7387 | Bailey   | HP: 3/63 [orc warrior (11)]
  7395 | Bailey   | Slain by an orc warrior

Illustrated notes

Levels and vault maps discovered:
D:1:      psy_arrival_fountain, layout_basic, nrook_mini_vaults,
          minmay_hexomino_u4
D:2:      layout_basic, hellmonk_ecumenical_altar_heavens_door,
          chequers_serial_rivers_small_a
D:3:      layout_rooms, mainiacjoe_overflow_alcove_4, serial_shops,
          nicolae_shop_overgrown_old_shop
D:4:      layout_gridville, dk_xom_monty_hall,
          nicolae_kikubaaqudgha_miasma_corner, serial_shops,
          nicolae_stop_n_shop_1, nicolae_wormholes
D:5:      gammafunk_cloud_chamber, layout_rooms, nemelex_spade_bored_becter,
          uniq_eustachio
D:6:      layout_loops_ring, lemuel_coloured_pillars_altar,
          fedhas_bush_and_centaur_altar, minmay_temple_entry_junction_2,
          uniq_duvessa, uniq_sigmund
D:7:      layout_rooms, nicolae_elyvilon_peaceful_grove, lemuel_round_altar
D:8:      layout_basic, lemuel_round_altar, mainiacjoe_overflow_tiny_flanked,
          evilmike_ruin_ashenzari, enter_bailey_3
Temple:   kb_temple_of_zot
Bailey:   bailey_axe_minmay_hex_keep, bailey

Skill      XL: |  1  2  3  4  5  6  7  8  9 10 |
---------------+-------------------------------+-----
Long Blades    | 2 3 5 7 |  7.9
Armour         | 4 5 |  5.0
Invocations    | 3 5 |  5.0
Evocations     | 3 5 |  5.0
Dodging        | 2 5 |  5.0
Fighting       | 4 5 |  5.0
Throwing       | 3 |  3.0
Stealth        | 3 |  3.0
Shields        | |  3.0

Action                   |  1- 3 |  4- 6 |  7- 9 | 10-12 || total
-------------------------+-------+-------+-------+-------++-------
Melee: Long sword        |    98 |   212 |   440 |   184 ||   934
Invok: Heroism           |     1 |     1 |     8 |     8 ||    18
       Finesse           |       |       |       |     2 ||     2
Evoke: Wand              |       |       |     7 |       ||     7
  Use: Potion            |       |     3 |     5 |     3 ||    11
       Scroll            |       |       |     3 |     4 ||     7
 Stab: Paralysed         |       |       |    11 |       ||    11
Armor: Scale mail        |    42 |    92 |   152 |    37 ||   323
       Skin              |       |       |    10 |       ||    10
       Plate armour      |       |       |       |    10 ||    10
Dodge: Dodged            |    41 |    98 |   166 |    66 ||   371
Block: Buckler           |    20 |    52 |    61 |       ||   133
       Kite shield       |       |       |   110 |    79 ||   189
